 Dungeon Crawl Stone Soup version 0.20-a0-942-ga5226df (webtiles) character file.

58 M4edhros the Grave Robber (level 4, -5/27 HPs)
             Began as an Octopode Necromancer on Apr 1, 2017.
             Slain by Grinder (10 damage)
             ... on level 3 of the Dungeon.
             The game lasted 00:03:48 (483 turns).

M4edhros the Grave Robber (Octopode Necromancer)     Turns: 483, Time: 00:03:49

Health: -5/27      AC:  1    Str:  7    XL:     4   Next: 2%
Magic:  4/7        EV: 13    Int: 17    God:
Gold:   63         SH:  4    Dex: 15    Spells: 2/7 levels left

rFire    . . .     SeeInvis .     - Unarmed
rCold    . . .     Gourm    .   (no shield)
rNeg     . . .     Faith    .   (helmet restricted)
rPois    .         Spirit   .   (no amulet)
rElec    .         Reflect  .   (no ring)
rCorr    .         Harm     .   (no ring)
MR       .....                  (no ring)
Stlth    +++.......             (no ring)
Regen    1.1/turn               (no ring)
MPRegen  0.1/turn               (no ring)
                                (no ring)
                                (no ring)

@: regenerating (expiring)
A: almost no armour, stealthy swim, amphibious, 8 rings, constrict 8, antennae
1, fangs 1, large bone plates 1, camouflage 1, agile 1, gelatinous body 1
a: no special abilities


You were on level 3 of the Dungeon.
You were not hungry.

You visited 1 branch of the dungeon, and saw 4 of its levels.

You collected 63 gold pieces.

Inventory:

Scrolls
 h - a scroll of recharging
Potions
 c - a potion of mutation
Books
 a - a book of Necromancy

   Spells                             Type                      Level
   a - Pain                           Necromancy                   1
   b - Animate Skeleton               Necromancy                   1
   c - Vampiric Draining              Necromancy                   3
   d - Regeneration                   Charms/Necromancy            3
   e - Animate Dead                   Necromancy                   4
   f - Control Undead                 Necromancy                   4
Comestibles
 b - a bread ration
 g - 2 chunks of flesh
 i - a meat ration


   Skills:
 - Level 2.0 Dodging
 - Level 2.6 Stealth
 + Level 3.4 Unarmed Combat
 - Level 2.0 Spellcasting
 - Level 4.0 Necromancy


You had 2 spell levels left.
You knew the following spells:

 Your Spells              Type           Power        Failure   Level  Hunger
a - Pain                  Necr           ###.         3%          1    #......
b - Animate Skeleton      Necr           N/A          3%          1    #......
c - Regeneration          Chrm/Necr      #.........   24%         3    ###....


Dungeon Overview and Level Annotations

Branches:
Dungeon (4/15)
 Temple: D:4-7

Altars:
Makhleb

Annotations:
D:3 Grinder; Robin
D:4 M4edhros's ghost, weakling OpNe


Innate Abilities, Weirdness & Mutations

You cannot wear most types of armour.
You are very stealthy in the water. (Stealth+)
You are amphibious.
You can wear up to eight rings at the same time.
You can use your tentacles to constrict eight enemies at once.
Your skin changes colour to match your surroundings (Stealth+).
Your rubbery body absorbs attacks. (AC +1, EV +1)
You have a pair of small antennae on your head.
You have very sharp teeth.
You are partially covered in large bone plates. (SH +4)
You are agile. (Dex +2)


Message History

Sorry, you're not good enough to have a special ability.
You aren't carrying any items that you can evoke.
Casting: Regeneration
Confirm with . or Enter, or press ? or * to list all spells.
Okay, then.
You closely miss Grinder. Your grab misses Grinder.
The leopard gecko closely misses you. Grinder closely misses you.
You barely miss Grinder. You grab Grinder. You constrict Grinder.
The leopard gecko bites you.
* * * LOW HITPOINT WARNING * * *
Grinder hits you.
* * * LOW HITPOINT WARNING * * *
You writhe in agony.
* * * LOW HITPOINT WARNING * * *
You tentacle-slap Grinder. You squeeze Grinder.
Grinder is lightly wounded.
Your skin is crawling a little less now.
You constrict Grinder, but do no damage.
You block the leopard gecko's attack. Grinder hits you!
You die...

#.######
#......#
#.####.#
#.# #.#
..# #.#
#### #.#
#.# #5#
#@# #l#
#S# #.#
#.# #.#
..S.....#
...######


You could see Grinder (inner flame), an adder (inner flame) and a leopard gecko
(inner flame).

Vanquished Creatures
  3 gnolls (D:2)
  An adder (D:2)
  A dart slug (D:2)
  2 giant cockroaches (D:2)
  4 goblins
  2 hobgoblins (D:2)
  2 kobolds (D:2)
  A quokka (D:3)
  2 bats (D:2)
18 creatures vanquished.

Notes
Turn   | Place    | Note
-------+----------+-------------------------------------------
     0 | D:1      | M4edhros the Octopode Necromancer began the quest for the Orb.
     0 | D:1      | Reached XP level 1. HP: 11/11 MP: 3/3
    34 | D:2      | Reached skill level 1 in Unarmed Combat
    34 | D:2      | Reached XP level 2. HP: 17/17 MP: 1/5
    92 | D:2      | Reached XP level 3. HP: 2/21 MP: 2/6
    95 | D:2      | Learned a level 1 spell: Animate Skeleton
    99 | D:2      | Learned a level 3 spell: Regeneration
   105 | D:2      | Gained mutation: You are agile. (Dex +2) [potion of mutation]
   105 | D:2      | Gained mutation: You have very sharp teeth. [potion of mutation]
   105 | D:2      | Gained mutation: You have a pair of small antennae on your head. [potion of mutation]
   105 | D:2      | Gained mutation: You are partially covered in large bone plates. (SH +4) [potion of mutation]
   108 | D:2      | HP: 1/21 [adder (1)]
   384 | D:3      | Found a burning altar of Makhleb.
   411 | D:3      | Noticed Robin
   414 | D:4      | Reached XP level 4. HP: 26/27 MP: 7/7
   415 | D:4      | Noticed M4edhros's ghost (weakling OpNe)
   421 | D:4      | Noticed an ogre
   470 | D:3      | Noticed Grinder
   483 | D:3      | Slain by Grinder

Vault maps used:
D:1:      lemuel_arrival_hallway
D:2:      lemuel_coloured_pillars_altar, first_bread
D:3:      old_standard_altar, gammafunk_temple_overflow_pools,
          dk_yredelemnul_ordeal, uniq_sigmund, uniq_robin, uniq_grinder
D:4:      minmay_temple_entry_statues

Skill      XL: |  1  2  3 |
---------------+----------+-----
Unarmed Combat | 1 2 3 |  3.4
Dodging        | |  2.0
Stealth        | |  2.6
Spellcasting   | |  2.0
Necromancy     | |  4.0

Action                   |  1- 3 |  4- 6 || total
-------------------------+-------+-------++-------
Melee: Unarmed           |    36 |     7 ||    43
       Tentacles         |     9 |     2 ||    11
       Constrict         |     9 |     2 ||    11
       Punch             |     1 |       ||     1
       Bite              |     1 |       ||     1
 Cast: Pain              |     9 |       ||     9
       Regeneration      |     2 |     2 ||     4
       Animate Skeleton  |     2 |     1 ||     3
  Use: Potion            |     1 |     1 ||     2
       Scroll            |       |     3 ||     3
Armor: Skin              |     3 |       ||     3
Dodge: Dodged            |    18 |    12 ||    30
Block: Other             |     5 |     4 ||     9
